 Dungeon Crawl Stone Soup version 0.31-a0-654-gbe3e110b4e (webtiles) character file.

Game seed: 6216593611622678950

287 Darkkill the Shooter (level 6, -5/5 HPs)
             Began as a Minotaur Hunter on Aug 29, 2023.
             Slain by an orc
             ... wielding a +0 trident
              (8 damage)
             ... on level 4 of the Dungeon.
             The game lasted 00:05:37 (3325 turns).

Darkkill the Shooter (Minotaur Hunter)              Turns: 3325, Time: 00:05:38

Health: -5/5       AC:  2    Str: 16    XL:     6   Next: 8%
Magic:  5/5        EV: 13    Int:  6    God:
Gold:   104        SH:  0    Dex: 15    Spells: 5/5 levels left

rFire   . . .        a - +0 shortbow
rCold   . . .        (shield currently unavailable)
rNeg    . . .        c - melded +0 leather armour
rPois   .            (helmet restricted)
rElec   .            h - scarf {repulsion}
rCorr   .            r - +1 pair of gloves
SInv    .            (no boots)
Will    .....        p - amulet of regeneration
Stlth   ++           (no ring)
HPRegen 1.00/turn    (no ring)
MPRegen 0.09/turn

%: repel missiles
@: maw-form
A: devouring maw, reduced hp, horns 2, retaliatory headbutt
a: Begin Untransformation


You were on level 4 of the Dungeon.
You were a creature with a mouth for a stomach.
You visited 1 branch of the dungeon, and saw 4 of its levels.

You collected 169 gold pieces.
You spent 65 gold pieces at shops.

Inventory:

Hand Weapons
 a - a +0 shortbow (weapon)
Missiles
 e - 31 stones
 o - 3 curare-tipped darts {=f !f}
 s - 2 throwing nets {=f !f}
Armour
 c - a +0 leather armour (melded)
 h - a scarf of repulsion (worn)
 r - a +1 pair of gloves (worn)
Jewellery
 f - an amulet of magic regeneration
 n - a ring of protection from fire
 p - an amulet of regeneration (around neck)
Talismans
 j - a flux talisman
 l - a maw talisman (active)
Scrolls
 b - a scroll of butterflies
 d - a scroll of immolation
 k - a scroll of torment
Potions
 g - a potion of degeneration {unknown}
 t - a potion of curing {@q1}


   Skills:
 + Level 4.3 Fighting
 + Level 5.5 Ranged Weapons
 + Level 3.9 Dodging
 + Level 2.7 Stealth


You had 5 spell levels left.
You didn't know any spells.
Your spell library contained the following spells:

 Spells                   Type           Power      Damage    Failure   Level
 Lesser Beckoning         Tloc           0%         N/A       58%         2
 Dazzling Flash           Conj/Hex       0%         N/A       83%         3
 Gell's Gravitas          Tloc           0%         N/A       83%         3
 Teleport Other           Tloc           0%         N/A       83%         3
 Volatile Blastmotes      Fire/Tloc      0%         2d10      83%         3
 Starburst                Conj/Fire      0%         6d3       100%        6
 Maxwell's Capacitive Co  Air            0%         ∞         100%        8


Dungeon Overview and Level Annotations

Branches:
Dungeon (4/15)
 Temple: D:4-7

Altars:
Cheibriados

Shops:
D:2 !

Annotations:
D:3 2 transporters


Innate Abilities, Weirdness & Mutations

You are a creature with a mouth for a stomach.
Your midsection houses a second, enormous mouth.
Your maximum health is decreased, since you lack skill for your form.
You have a pair of horns on your head.
You reflexively headbutt those who attack you in melee.


Message History

You see here a black bear corpse.
You see here a black bear corpse.
There is a stone staircase leading down here.
You climb downwards.
There is a stone staircase leading up here.
You shoot an arrow. The arrow hits the kobold.
You kill the kobold!
An adder comes into view.
A goblin comes into view. It is wielding a +0 club.
You shoot an arrow. The goblin shouts!
The arrow hits the adder.
The adder hisses angrily.
The adder is lightly wounded.
There are monsters nearby!
You shoot an arrow.
The arrow hits the adder but does no damage.
The adder is lightly wounded.
An adder is nearby!
You shoot an arrow. The arrow closely misses the adder.
The adder closely misses you.
There are monsters nearby!
You shoot an arrow. The arrow hits the adder.
The adder is moderately wounded.
The adder misses you.
There are monsters nearby!
You shoot an arrow. The arrow misses the adder.
The adder closely misses you. You furiously retaliate!
You headbutt the adder. The adder bites you.
There are monsters nearby!
Found a clear potion.
The adder bites you.
You shoot an arrow. The arrow closely misses the adder.
The arrow hits the goblin!
You kill the goblin!
The adder bites you but does no damage.
You shoot an arrow. The arrow hits the adder.
The adder is heavily wounded.
The adder barely misses you. You furiously retaliate!
You headbutt the adder, but do no damage.
The adder bites you but does no damage.
You shoot an arrow. The arrow hits the adder.
The adder is almost dead.
The adder bites you but does no damage.
You shoot an arrow. The arrow closely misses the adder.
The adder closely misses you. The adder barely misses you.
You shoot an arrow. The arrow barely misses the adder.
The adder bites you.
Ouch! That really hurt!
You shoot an arrow. The arrow hits the adder!
You kill the adder!
Found 2 stones.
You see here a +0 club.
g - a clear potion
e - 31 stones (gained 2)
You open the door. You open the door.
There is an open door here.
There is an open door here.
An orc and a kobold come into view.
The orc moves out of view.
You shoot an arrow.
The arrow hits the kobold but does no damage.
The kobold shouts!
An orc priest comes into view. It is wielding a +0 flail.
There are monsters nearby!
You shoot an arrow. The orc priest shouts!
The arrow hits the orc priest.
The orc priest is heavily wounded.
There are monsters nearby!
You shoot an arrow. The arrow hits the orc priest.
The orc priest is heavily wounded.
There are monsters nearby!
You shoot an arrow. The arrow hits the orc priest!
You kill the orc priest!
You have reached level 6!
You shoot an arrow. The arrow hits the kobold.
You kill the kobold!
The orc hits you with a +0 flail.
Ouch! That really hurt!
* * * LOW HITPOINT WARNING * * *
Things that are here:
a +0 club; a kobold corpse You shoot an arrow.
The arrow hits the orc.
The orc is severely wounded.
The orc closely misses you. You furiously retaliate!
You headbutt the orc.
You kill the orc!
Things that are here:
a +0 flail; a +0 leather armour; an orc corpse An orc comes into view.
It is wielding a +0 trident.
Found a scroll labelled YSUNORU GIALYR.
An orc comes into view. It is wielding a +0 short sword.
The orc moves out of view.
Things that are here:
a +0 flail; an orc corpse The orc shouts!
The orc misses you.
The orc hits you from afar with a +0 trident.
Ouch! That really hurt!
The orc hits you with a +0 trident!
Ouch! That really hurt!
You die...

#..... #.....
#....####### .
#.......... #.
#........# #.
#........#
#..#.?..o.#o#
.#..#...W....##
................
##..#....#..###.
#..#..........
#..#..#.##.###
#..#)........ #
#..#.##.##.###
.#.#######..#)##.#
#
............#)##.#


You could see 2 orcs.

Vanquished Creatures
  A black bear (D:3)
  An orc priest (D:4)
  2 adders
  4 gnolls (D:2)
  4 worms
  A dart slug (D:1)
  3 orcs
  8 ball pythons
  3 bats (D:1)
  11 endoplasms
  7 giant cockroaches
  6 goblins
  4 hobgoblins
  11 jackals
  3 quokkas
  A frilled lizard (D:1)
  11 kobolds
  10 rats
91 creatures vanquished.

Notes
Turn   | Place    | Note
-------+----------+-------------------------------------------
     0 | D:1      | Darkkill the Minotaur Hunter began the quest for the Orb.
     0 | D:1      | Reached XP level 1. HP: 18/18 MP: 0/0
    21 | D:1      | Reached skill level 1 in Stealth
    39 | D:1      | Reached XP level 2. HP: 25/25 MP: 1/1
   120 | D:1      | Reached XP level 3. HP: 31/31 MP: 2/2
   624 | D:2      | Found Atucuqam's Distillery.
   638 | D:2      | Bought a potion of heal wounds for 65 gold pieces
   992 | D:2      | Reached XP level 4. HP: 38/38 MP: 3/3
  1004 | D:2      | Reached skill level 5 in Ranged Weapons
  1005 | D:2      | HP: 7/38 [gnoll/+0 flail (9)]
  2578 | D:3      | Noticed an ice beast
  2579 | D:3      | Found a transporter.
  2579 | D:3      | Noticed a black bear
  2584 | D:3      | Noticed an ogre
  2735 | D:3      | Found a transporter.
  2771 | D:3      | Found a snail-covered altar of Cheibriados.
  2858 | D:3      | Reached XP level 5. HP: 43/46 MP: 4/4
  3086 | D:3      | Noticed a black bear
  3095 | D:3      | Killed a black bear
  3311 | D:4      | Reached XP level 6. HP: 5/53 MP: 5/5
  3313 | D:4      | HP: 1/5 [orc/+0 flail (4)]
  3325 | D:4      | Slain by an orc

Illustrated notes

Levels and vault maps discovered:
D:1:      dpeg_arrival_prison, layout_rooms, st_stairs_13
D:2:      layout_loops_ring, serial_shops, nicolae_shop_peninsula
D:3:      layout_basic, gammafunk_temple_overflow_arena
D:4:      layout_basic, serial_glass, glass_columns_b, glass_columns_a

Skill      XL: |  1  2  3  4  5 |
---------------+----------------+-----
Stealth        | 1 2 |  2.7
Fighting       | 3 4 |  4.3
Dodging        | 3 |  3.9
Ranged Weapons | 5 |  5.5

Action                     |  1- 3 |  4- 6 || total
---------------------------+-------+-------++-------
  Melee: Unarmed           |       |    17 ||    17
   Fire: Shortbow          |   123 |   106 ||   229
    Use: Scroll            |     1 |     5 ||     6
         Potion            |       |     1 ||     1
 Armour: Leather armour    |     6 |    18 ||    24
         Skin              |       |     3 ||     3
  Dodge: Dodged            |    14 |    59 ||    73
         Form:             |       |     1 ||     1
         Flux              |       |     1 ||     1
         Maw               |       |     1 ||     1

Table legend: (Time is in decaauts)
 A = Elapsed time spent in this place.
 B = Non-inter-level travel time spent in this place.
 C = Inter-level travel time spent in this place.
 D = Time resting spent in this place.
 E = Time spent auto-exploring this place.
 F = Levels seen in this place.
 G = Mean time per level.
                   A        B        C        D        E       F      G
               +--------+--------+--------+--------+--------+-----+--------+
         Total |   3364 |   3343 |     21 |   1205 |   1634 |   4 |  841.0 |
       Dungeon |   3364 |   3343 |     21 |   1205 |   1634 |   4 |  841.0 |
               +--------+--------+--------+--------+--------+-----+--------+

Top non-repeatable levels by time:
     D:2: 2062 daAuts
     D:3: 675 daAuts
     D:1: 541 daAuts
     D:4: 85 daAuts

Levels and vault maps discovered:
D:1:      dpeg_arrival_prison, layout_rooms, st_stairs_13
D:2:      layout_loops_ring, serial_shops, nicolae_shop_peninsula
D:3:      layout_basic, gammafunk_temple_overflow_arena
D:4:      layout_basic, serial_glass, glass_columns_b, glass_columns_a

Table legend: (Time is in decaauts)
 A = Elapsed time spent in this place.
 B = Non-inter-level travel time spent in this place.
 C = Inter-level travel time spent in this place.
 D = Time resting spent in this place.
 E = Time spent auto-exploring this place.
 F = Levels seen in this place.
 G = Mean time per level.
                   A        B        C        D        E       F      G
               +--------+--------+--------+--------+--------+-----+--------+
         Total |   3364 |   3343 |     21 |   1205 |   1634 |   4 |  841.0 |
       Dungeon |   3364 |   3343 |     21 |   1205 |   1634 |   4 |  841.0 |
               +--------+--------+--------+--------+--------+-----+--------+

Top non-repeatable levels by time:
     D:2: 2062 daAuts
     D:3: 675 daAuts
     D:1: 541 daAuts
     D:4: 85 daAuts

Table legend:
 A = Kills in this place as a percentage of kills in the entire game.
 B = Kills by you in this place as a percentage of kills by you in the entire game.
 C = Kills by friends in this place as a percentage of kills by friends in the entire game.
 D = Other kills in this place as a percentage of other kills in the entire game.
 E = Experience gained in this place as a percentage of experience gained in the entire game.
 F = Experience gained in this place divided by the number of levels of this place that you have seen.
                   A       B       C       D       E      F
               +-------+-------+-------+-------+-------+----------------------
         Total | 100.0 | 100.0 |   N/A |   N/A | 100.0 | 102.5
       Dungeon | 100.0 | 100.0 |   N/A |   N/A | 100.0 | 102.5
               +-------+-------+-------+-------+-------+----------------------
